 Dungeon Crawl Stone Soup version 0.29.0-13-gc9e81de378 (webtiles) character file.

Game seed: 14988344188476813468

102 xian the Stinger (level 4, -2/34 HPs)
             Began as a Draconian Venom Mage on Sept 8, 2022.
             Slain by Crazy Yiuf
             ... wielding a +4 quarterstaff of chaos
              (15 damage)
             ... on level 2 of the Dungeon.
             The game lasted 00:03:58 (3207 turns).

xian the Stinger (Draconian Venom Mage)             Turns: 3207, Time: 00:03:58

Health: -2/34      AC:  7    Str: 12    XL:     4   Next: 49%
Magic:  5/8        EV: 12    Int: 15    God:
Gold:   113        SH:  0    Dex: 12    Spells: 5/8 levels left

rFire   . . .      SeeInvis .   c - +2 spear (freeze)
rCold   . . .      Faith    .   (no shield)
rNeg    . . .      Spirit   .   (body armour unavailable)
rPois   .          Reflect  .   (helmet restricted)
rElec   .          Harm     .   e - +1 cloak
rCorr   .          Rampage  .   (no gloves)
Will    .....                   (no boots)
Stlth   ++........              (no amulet)
HPRegen 0.11/turn               (no ring)
MPRegen 0.11/turn               (no ring)

@: brilliant, lethally poisoned (-2 -> -11), hasted, very quick
A: AC +5, unfitting armour, cold-blooded
a: no special abilities


You were on level 2 of the Dungeon.
You visited 1 branch of the dungeon, and saw 2 of its levels.

You collected 113 gold pieces.

Inventory:

Hand Weapons
 c - a +2 spear of freezing (weapon)
Missiles
 d - a throwing net
Armour
 e - a +1 cloak (worn)
Scrolls
 b - a scroll of identify
 f - 2 scrolls of teleportation
 h - a scroll of enchant weapon {unknown}
 j - 2 scrolls of poison
Potions
 a - a potion of magic


   Skills:
 + Level 0.4 Fighting
 + Level 0.6 Axes
 + Level 2.4 Dodging
 + Level 2.0 Stealth
 - Level 0.5 Unarmed Combat
 + Level 2.7 Spellcasting
 + Level 1.4 Transmutations
 + Level 3.7 Poison Magic


You had 5 spell levels left.
You knew the following spells:

 Your Spells              Type           Power      Damage    Failure   Level
a - Sting                 Tmut/Pois      56%        1d5       7%          1
b - Poisonous Vapours     Pois/Air       22%        N/A       14%         2

Your spell library contained the following spells:

 Spells                   Type           Power      Damage    Failure   Level
 Slow                     Hex            12%        N/A       21%         1
 Mephitic Cloud           Conj/Pois/Air  8%         N/A       36%         3
 Olgreb's Toxic Radiance  Pois           20%        N/A       41%         4
 Confusing Touch          Hex            3%         N/A       52%         3
 Vampiric Draining        Necr           3%         2d6       52%         3
 Passage of Golubria      Tloc           3%         N/A       90%         4
 Silence                  Hex/Air        1%         N/A       99%         5
 Lehudib's Crystal Spear  Conj/Erth      1%         10d2      100%        8


Dungeon Overview and Level Annotations

Branches:
Dungeon (2/15)

Altars:

Annotations:
D:2 Crazy Yiuf


Innate Abilities, Weirdness & Mutations

Your plain brown scales are hard. (AC +5)
You cannot fit into any form of body armour.
You are cold-blooded and may be slowed by cold attacks.


Message History

You closely miss the hobgoblin.
The hobgoblin hits you but does no damage.
You barely miss the hobgoblin.
The hobgoblin hits you but does no damage.
You hit the hobgoblin. You freeze the hobgoblin.
You tail-slap the hobgoblin, but do no damage.
The hobgoblin is heavily wounded.
The hobgoblin barely misses you.
You closely miss the hobgoblin. You tail-slap the hobgoblin.
You kill the hobgoblin!
You see here a hobgoblin corpse.
You now have 113 gold pieces (gained 6).
There is a stone staircase leading up here.
h - a scroll labelled VISCHE ITUEBB
There is an open door here.
There is a stone staircase leading up here.
There is an open door here.
Key pressed, stopping explore.
There is an open door, spattered with blood here.
You open the door.
The sting hits Crazy Yiuf but does no damage.
Crazy Yiuf is poisoned.
The sting hits Crazy Yiuf.
Crazy Yiuf looks even sicker.
Crazy Yiuf is lightly wounded.
Crazy Yiuf cries, "Snurf!"
Crazy Yiuf hits you with a +4 quarterstaff of chaos.
You are poisoned.
The sting hits Crazy Yiuf but does no damage.
Crazy Yiuf looks even sicker.
Crazy Yiuf is lightly wounded.
You feel very sick.
Crazy Yiuf hits you with a +4 quarterstaff of chaos!
You feel yourself speed up.
You are too injured to fight recklessly!
Unknown command.
It was a potion of brilliance.
You feel clever all of a sudden.
You feel sick.
Crazy Yiuf hits you with a +4 quarterstaff of chaos!
You die...

..# #.#.#.#####....# #. ..#
#.#......##....# #. ..#
#.#.#.##.#####.# #. ..#
#.######## ### #. ..# #..# #.
..# ########## #. ..#
##....#.### ### #.
..#####......#..##...# ##
.....#......####@g...#
#.##.#.....## ###..)#
#.##.#.##### ### #.##.#.#
#....#.# ##########
####'#.####
###########.........
###...<...#
#........#.#########
.......)).# #........#.####
.#.....)..####.............##


You could see Crazy Yiuf (very poisoned).

Vanquished Creatures
  4 gnolls
  4 adders
  A worm (D:2)
  2 bats
  2 endoplasms
  A goblin (D:2)
  6 hobgoblins
  A quokka (D:2)
  2 ball pythons
  A kobold (D:1)
  5 rats
29 creatures vanquished.

Notes
Turn   | Place    | Note
-------+----------+-------------------------------------------
     0 | D:1      | xian the Draconian Venom Mage began the quest for the Orb.
     0 | D:1      | Reached XP level 1. HP: 14/14 MP: 3/3
   600 | D:1      | Reached XP level 2. HP: 20/20 MP: 1/5
   612 | D:1      | Learned a level 2 spell: Poisonous Vapours
  1390 | D:2      | Found a faded altar of an unknown god.
  1929 | D:2      | Reached XP level 3. HP: 26/26 MP: 6/6
  2301 | D:2      | Found a runed translucent door.
  2302 | D:2      | Noticed Crazy Yiuf
  2354 | D:2      | HP: 1/26 [gnoll/+2 spear of freezing (1)]
  2363 | D:1      | Reached XP level 4. HP: 2/33 MP: 3/8
  3207 | D:2      | Slain by Crazy Yiuf

Illustrated notes

Levels and vault maps discovered:
D:1:      nicolae_arrival_memento_mori, layout_loops_corners
D:2:      layout_basic, ebering_ecumenical_altar_petrified,
          chequers_serial_rivers_small_3, uniq_crazy_yiuf_cottage

Skill      XL: |  1  2  3 |
---------------+----------+-----
Dodging        | 2 |  2.4
Stealth        | 2 |  2.0
Fighting       | |  0.4
Axes           | |  0.6
Unarmed Combat | |  0.5
Spellcasting   | |  2.7
Transmutations | |  1.4
Poison Magic   | |  3.7

Action                   |  1- 3 |  4- 6 || total
-------------------------+-------+-------++-------
Melee: Unarmed           |    21 |       ||    21
       Tailslap          |     5 |     7 ||    12
       Punch             |     1 |       ||     1
       Hand axe          |    41 |       ||    41
       Spear             |       |    25 ||    25
 Cast: Sting             |    25 |     3 ||    28
       Poisonous Vapours |     1 |       ||     1
  Use: Scroll            |     2 |       ||     2
       Potion            |     3 |     1 ||     4
 Stab: Sleeping          |     1 |       ||     1
Armor: Skin              |    39 |     6 ||    45
Dodge: Dodged            |    69 |    22 ||    91
